 Dungeon Crawl Stone Soup version 0.29-a0-330-g52719c12eb (webtiles) character file.

Game seed: 15279066327959035834

364 thiscave3701365 the Carver (level 6, 0/51 HPs)
             Began as a Hill Orc Berserker on Apr 12, 2022.
             Was a Believer of Trog.
             Succumbed to an orc wizard's poison
             ... on level 4 of the Dungeon.
             The game lasted 00:03:31 (3966 turns).

thiscave3701365 the Carver (Hill Orc Berserker)     Turns: 3966, Time: 00:03:31

Health: 0/51       AC:  8    Str: 22    XL:     6   Next: 67%
Magic:  6/6        EV:  8    Int:  7    God:    Trog [**....]
Gold:   102        SH:  0    Dex: 10    Spells: 5/5 levels left

rFire   . . .      SeeInvis .   a - +0 falchion
rCold   . . .      Faith    .   (no shield)
rNeg    . . .      Spirit   .   i - +0 chain mail
rPois   .          Reflect  .   (no helmet)
rElec   .          Harm     .   (no cloak)
rCorr   .          Rampage  .   (no gloves)
Will    .....                   (no boots)
Stlth   ..........              (no amulet)
HPRegen 0.17/turn               f - ring of flight
MPRegen 0.10/turn               (no ring)

@: lethally poisoned (0 -> -16), on berserk cooldown, flying, slowed, very slow
A: no striking features
a: Renounce Religion, Berserk, Trog's Hand


You were on level 4 of the Dungeon.
You worshipped Trog.
Trog was pleased with you.
You visited 1 branch of the dungeon, and saw 4 of its levels.

You collected 102 gold pieces.

Inventory:

Hand Weapons
 a - a +0 falchion (weapon)
Armour
 i - a +0 chain mail (worn)
Jewellery
 f - a ring of flight (left hand)
 r - a +6 ring of intelligence
 u - an amulet of magic regeneration
Wands
 t - a wand of charming (5)
Scrolls
 d - a scroll of silence {unknown}
 e - 2 scrolls of blinking {unknown}
 g - a scroll of teleportation {unknown}
 h - 2 scrolls of identify {unknown}
 j - a scroll of enchant armour {unknown}
 o - a scroll of enchant weapon {unknown}
 q - a scroll of summoning {unknown}
Potions
 b - a potion of curing {unknown}
 c - a potion of lignification {unknown}
 k - 2 potions of resistance {unknown}
 l - 2 potions of degeneration {unknown}
 m - 2 potions of flight {unknown}
 n - a potion of attraction {unknown}
 p - 2 potions of brilliance {unknown}
 s - a potion of heal wounds {unknown}


   Skills:
 - Level 3.6 Fighting
 + Level 8.0 Long Blades
 - Level 2.1 Armour
 - Level 1.5 Dodging


You had 5 spell levels left.
You didn't know any spells.
Your spell library was empty.

Dungeon Overview and Level Annotations

Branches:
Dungeon (4/15)
 Temple: D:4-7

Altars:
Cheibriados
Kikubaaqudgha
Ru

Shops:
D:1 [

Annotations:
D:4 1 runed translucent door, Crazy Yiuf


Message History

You kill the ogre!
Trog accepts your kill.
Your Long Blades skill increases to level 8!
You hit the orc.
The orc is severely wounded.
You slash the orc!
You kill the orc!
Trog accepts your kill.
You slash the orc!
You kill the orc!
Trog accepts your kill.
The giant cockroach waves its antennae.
Something hits you but does no damage.
You are lethally poisoned!
Things that are here:
a +0 hand axe; 3 boomerangs; an orc corpse You barely miss something.
* * * LOW HITPOINT WARNING * * *
You feel sick.
You miss something.
* * * LOW HITPOINT WARNING * * *
You feel sick. Something hits you but does no damage.
You are more poisoned.
The giant cockroach barely misses you.
You slash something!
* * * LOW HITPOINT WARNING * * *
You feel very sick.
You completely miss something.
* * * LOW HITPOINT WARNING * * *
You feel sick. Something completely misses you.
The giant cockroach bites you but does no damage.
You slash something! Trog accepts your kill.
Trog appreciates your killing of a magic user.
Reactivating autopickup.
You feel a bit more experienced.
You are no longer berserk.
You are exhausted.
You feel yourself slow down.
You die...

....#.>..>........#...#.
...............##.....#.
#...#..†###.............
### #.....#.........##.#
.....#...................
..............#..#........
.......##...............##
........#................#
..#......@)...#...........
. ##.#..B)....#...........
..#.##.................
..##. #................. #
##..##..#......... .##
..#........# ..
......^.### .. #.... #


You could see a giant cockroach.

Vanquished Creatures
  A centaur (D:3)
  An ogre (D:4)
  A jelly (D:3)
  An orc wizard (D:4)
  Natasha (twice) (D:4)
  Ijyb (D:4)
  2 adders
  2 worms
  A dart slug (D:3)
  6 orcs
  5 bats
  3 endoplasms
  5 giant cockroaches
  4 goblins
  5 hobgoblins
  6 jackals
  8 kobolds
  2 quokkas
  8 ball pythons
  A frilled lizard (D:1)
  5 rats
70 creatures vanquished.

Notes
Turn   | Place    | Note
-------+----------+-------------------------------------------
     0 | D:1      | thiscave3701365 the Hill Orc Berserker began the quest for
                  | the Orb.
     0 | D:1      | Reached XP level 1. HP: 19/19 MP: 1/1
   111 | D:1      | Reached XP level 2. HP: 17/26 MP: 2/2
   218 | D:1      | Found a faded altar of an unknown god.
   239 | D:1      | Reached skill level 4 in Long Blades
   370 | D:1      | Found Ebbeul's Antique Armour Boutique.
   685 | D:1      | Reached XP level 3. HP: 21/31 MP: 3/3
   690 | D:1      | Reached ** piety under Trog
  1175 | D:2      | Reached skill level 5 in Long Blades
  1616 | D:3      | Found a sacrificial altar of Ru.
  2011 | D:3      | Found a snail-covered altar of Cheibriados.
  2018 | D:3      | Found an ancient bone altar of Kikubaaqudgha.
  2057 | D:3      | Reached XP level 4. HP: 31/39 MP: 4/4
  2394 | D:3      | Noticed a centaur
  2405 | D:3      | Killed a centaur
  2406 | D:3      | Reached skill level 6 in Long Blades
  2406 | D:3      | Reached XP level 5. HP: 37/45 MP: 5/5
  3130 | D:4      | Noticed Ijyb
  3154 | D:4      | Noticed Natasha
  3180 | D:4      | Killed Ijyb
  3181 | D:4      | Reached skill level 7 in Long Blades
  3181 | D:4      | Reached XP level 6. HP: 18/51 MP: 6/6
  3209 | D:4      | Killed Natasha
  3294 | D:4      | Noticed Natasha
  3773 | D:4      | Killed Natasha
  3851 | D:4      | Found a runed translucent door.
  3852 | D:4      | Noticed Crazy Yiuf
  3958 | D:4      | Reached skill level 8 in Long Blades
  3966 | D:4      | Succumbed to an orc wizard's poison

Illustrated notes

Levels and vault maps discovered:
D:1:      dpeg_arrival_simpleton_c, layout_basic, serial_shops,
          nicolae_shop_hallway_stairs, ebering_ecumenical_altar_abandoned
D:2:      layout_rooms
D:3:      corexii_shack_village, layout_loops_ring, grunt_temple_overflow_open,
          mainiacjoe_overflow_catwalk, minmay_stone_trees_large
D:4:      layout_cave_pools, minmay_temple_entry_poolview, minmay_rat_hole,
          uniq_natasha, uniq_crazy_yiuf_cottage, uniq_ijyb

Skill      XL: |  1  2  3  4  5  6 |
---------------+-------------------+-----
Long Blades    | 4 5 6 7 8 |  8.0
Fighting       | |  3.6
Armour         | |  2.1
Dodging        | |  1.5

Action                   |  1- 3 |  4- 6 || total
-------------------------+-------+-------++-------
Melee: Falchion          |   133 |   144 ||   277
       Punch             |       |     1 ||     1
Invok: Berserk           |     1 |     3 ||     4
Armor: Animal skin       |    18 |       ||    18
       Chain mail        |    35 |    67 ||   102
Dodge: Dodged            |    67 |    48 ||   115

Table legend: (Time is in decaauts)
 A = Elapsed time spent in this place.
 B = Non-inter-level travel time spent in this place.
 C = Inter-level travel time spent in this place.
 D = Time resting spent in this place.
 E = Time spent auto-exploring this place.
 F = Levels seen in this place.
 G = Mean time per level.
                   A        B        C        D        E       F      G
               +--------+--------+--------+--------+--------+-----+--------+
         Total |   3990 |   3917 |     73 |    897 |   2502 |   4 |  997.5 |
       Dungeon |   3990 |   3917 |     73 |    897 |   2502 |   4 |  997.5 |
               +--------+--------+--------+--------+--------+-----+--------+

Top non-repeatable levels by time:
     D:3: 2012 daAuts
     D:1: 930 daAuts
     D:2: 673 daAuts
     D:4: 374 daAuts
